 Dungeon Crawl Stone Soup version 0.27.1-35-g4d5d836560 (webtiles) character file.

Game seed: 3101980954820864428

2559 Delamore the Covert (level 9, 0/58 HPs)
             Began as an Octopode Brigand on Mar 2, 2022.
             Was an Initiate of Gozag.
             Engulfed by a steam dragon's steam (6 damage)
             ... on level 7 of the Dungeon.
             The game lasted 00:07:52 (7624 turns).

Delamore the Covert (Octopode Brigand)              Turns: 7624, Time: 00:07:53

Health: 0/58       AC:  8    Str: 10    XL:     9   Next: 56%
Magic:  9/9        EV: 14    Int: 14    God:    Gozag
Gold:   823        SH:  0    Dex: 16    Spells: 8/8 levels left

rFire    . . .     SeeInvis .   p - +4 dagger (protect)
rCold    . . .     Faith    .   (no shield)
rNeg     . . .     Spirit   .   (helmet restricted)
rPois    .         Reflect  .   A - amulet of regeneration
rElec    .         Harm     .   C - ring of resist corrosion
rCorr    +         Rampage  .   (no ring)
Will     .....                  (no ring)
Stlth    +++++.....             (no ring)
HPRegen  1.19/turn              (no ring)
MPRegen  0.11/turn              (no ring)
                                (no ring)
                                (no ring)

@: gold aura, under a protective aura
A: almost no armour, amphibious, 8 rings, camouflage 1, gelatinous body 1,
(nimble swimmer 1), tentacles
a: Renounce Religion, Potion Petition, Call Merchant, Bribe Branch


You were on level 7 of the Dungeon.
You worshipped Gozag.
Gozag was pleased with you.
You visited 2 branches of the dungeon, and saw 8 of its levels.
You also visited: Ossuary.

You collected 878 gold pieces.
You paid 55 gold pieces to Gozag.

Inventory:

Hand Weapons
 a - a +2 vorpal dagger
 f - a +1 short sword of venom
 p - a +4 dagger of protection (weapon)
Missiles
 b - 8 poisoned darts (quivered)
 c - a curare-tipped dart
Jewellery
 A - an amulet of regeneration (around mantle)
 C - a ring of resist corrosion (left tentacle)
Wands
 s - a wand of iceblast (12)
 D - a wand of acid (5)
 F - a wand of flame (10)
Scrolls
 d - 4 scrolls of teleportation
 e - 2 scrolls of noise
 g - a scroll of amnesia
 h - a scroll of enchant weapon
 k - a scroll of brand weapon
 o - 4 scrolls of magic mapping
 v - a scroll of fog
 x - a scroll of vulnerability
 y - a scroll of torment
 E - a scroll of identify
Potions
 i - 4 potions of might
 j - 7 potions of curing {unknown}
 m - 2 potions of attraction {unknown}
 n - a potion of brilliance {unknown}
 q - 2 potions of mutation {unknown}
 r - 3 potions of degeneration {unknown}
 t - 4 potions of lignification {unknown}
 u - 4 potions of invisibility {unknown}
 w - a potion of berserk rage {unknown}
 z - a potion of flight {unknown}
 B - a potion of ambrosia {unknown}


   Skills:
 + Level 4.2 Fighting
 - Level 10.0 Short Blades
 - Level 2.0 Throwing
 + Level 3.9 Dodging
 - Level 10.0 Stealth


You had 8 spell levels left.
You didn't know any spells.
Your spell library contained the following spells:

 Spells                   Type           Power      Damage    Failure   Level
 Stone Arrow              Conj/Erth      0%         3d7       65%         3
 Iskenderun's Mystic Bla  Conj/Tloc      0%         2d3       96%         4
 Freezing Cloud           Conj/Ice/Air   0%         6-21      100%        5
 Irradiate                Conj/Tmut      0%         3d14      100%        5


Dungeon Overview and Level Annotations

Branches:
Dungeon (7/15)             Temple (1/1) D:4         Ossuary (visited)

Altars:
Ashenzari
Cheibriados
Dithmenos
Elyvilon
Fedhas
Gozag
Hepliaklqana
Kikubaaqudgha
Makhleb
Okawaru
Qazlal
Ru
Sif Muna
Trog
Vehumet
Wu Jian
Yredelemnul
Zin


Innate Abilities, Weirdness & Mutations

You cannot wear most types of armour.
You are amphibious.
You can wear up to eight rings at the same time.
Your skin changes colour to match your surroundings (Stealth+).
Your rubbery body absorbs attacks. (AC +1, EV +1)
((You are camouflaged near water. (Stealth+)))
You have tentacles for arms and can constrict up to eight enemies at once.


Message History

The ball of steam hits you!
You are too injured to fight recklessly!
You are too injured to fight recklessly!
You hit the steam dragon. Your squeeze misses the steam dragon.
The steam dragon is heavily wounded.
You are engulfed in a cloud of scalding steam.
You barely miss the steam dragon.
The steam dragon is heavily wounded.
You are engulfed in a cloud of scalding steam.
The steam dragon barely misses you. The steam dragon closely misses you.
You puncture the steam dragon! You squeeze the steam dragon.
The steam dragon is severely wounded.
You are engulfed in a cloud of scalding steam.
You hit the steam dragon but do no damage.
The steam dragon is severely wounded.
You are engulfed in a cloud of scalding steam.
* * * LOW HITPOINT WARNING * * *
The steam dragon bites you.
* * * LOW HITPOINT WARNING * * *
The steam dragon claws you but does no damage.
You hit the steam dragon but do no damage.
You squeeze the steam dragon, but do no damage.
The steam dragon is severely wounded.
You are engulfed in a cloud of scalding steam.
You hit the steam dragon.
The steam dragon is almost dead.
A steam dragon comes into view.
The steam dragon closely misses you. The steam dragon completely misses you.
You closely miss the steam dragon.
The steam dragon is almost dead.
You hit the steam dragon.
The steam dragon is almost dead.
The steam dragon breathes steam at you. The ball of steam hits you!
* * * LOW HITPOINT WARNING * * *
As you read the scroll of fear, it crumbles to dust.
You assume a fearsome visage.
The steam dragon looks frightened! x2
You are engulfed in a cloud of scalding steam.
You die...
Your body crumbles into a pile of gold.

.##.###.# .##.###.#
.##.#.#.#
........### #####
..........+##.≈≈##
#..........#...≈§#
#.#.#.##.....§.§§#
#.#.####.#.#...§≈##
#.#..# #.####...@≈#
#.##.###.# ####D≈#
#........# ..≈#
####.######.# ...≈#
#........#≈.(.##
########.#≈.D##
#≈.# #≈$


You could see 2 steam dragons.

Vanquished Creatures
  A wraith (Ossuary)
  Menkaure (D:5)
  A steam dragon (D:7)
  Edmund (D:4)
  An acid dragon (D:4)
  A water moccasin (D:5)
  Duvessa (D:4)
  An orc warrior (D:6)
  A sky beast (D:6)
  A black bear (D:5)
  An ice beast (D:5)
  3 necrophages
  2 ogres
  2 centaurs
  3 scorpions
  Dowan (D:4)
  A bullfrog zombie (D:5)
  2 centaur zombies
  2 hounds
  Crazy Yiuf (D:2)
  A gnoll shaman (D:6)
  Jessica (D:2)
  An iguana (D:5)
  A hound zombie (D:5)
  A hound skeleton (D:5)
  3 mummies (Ossuary)
  6 adders
  8 gnolls
  An ufetubus (D:3)
  A worm (D:3)
  2 dart slugs
  3 orcs
  6 ball pythons
  7 bats
  14 endoplasms
  2 giant cockroaches
  A gnoll zombie (Ossuary)
  6 hobgoblins
  5 jackals
  5 quokkas
  6 frilled lizards
  6 goblins
  A goblin zombie (Ossuary)
  2 hobgoblin zombies (Ossuary)
  7 kobolds
  3 rats (D:1)
128 creatures vanquished.

Vanquished Creatures (others)
  A fungus (D:2)
1 creature vanquished.

Grand Total: 129 creatures vanquished

Notes
Turn   | Place    | Note
-------+----------+-------------------------------------------
     0 | D:1      | Delamore the Octopode Brigand began the quest for the Orb.
     0 | D:1      | Reached XP level 1. HP: 14/14 MP: 1/1
   359 | D:1      | Reached XP level 2. HP: 19/19 MP: 2/2
   717 | D:1      | Reached XP level 3. HP: 23/24 MP: 3/3
  1081 | D:2      | Noticed Jessica
  1253 | D:2      | Killed Jessica
  1368 | D:2      | Reached XP level 4. HP: 24/29 MP: 4/4
  1800 | D:2      | Found a faded altar of an unknown god.
  1978 | D:2      | Found a runed translucent door.
  1979 | D:2      | Noticed Crazy Yiuf
  1987 | D:2      | Killed Crazy Yiuf
  1998 | D:2      | HP: 1/29 [poisoned by Crazy Yiuf]
  2449 | D:3      | Reached XP level 5. HP: 32/34 MP: 5/5
  3255 | D:4      | Noticed Edmund
  3261 | D:4      | Killed Edmund
  3262 | D:4      | Reached XP level 6. HP: 35/39 MP: 6/6
  3421 | D:4      | Found a staircase to the Ecumenical Temple.
  3440 | Temple   | Entered the Ecumenical Temple
  3604 | Temple   | Became a worshipper of Gozag Ym Sagoz the Greedy
  3734 | D:4      | Noticed Duvessa
  3735 | D:4      | Killed Duvessa
  3736 | D:4      | Reached XP level 7. HP: 45/45 MP: 7/7
  3741 | D:4      | Noticed Dowan
  3749 | D:4      | Killed Dowan
  3750 | D:4      | Reached skill level 10 in Stealth
  3896 | D:4      | Reached skill level 5 in Short Blades
  4301 | D:5      | Entered Level 5 of the Dungeon
  4303 | D:5      | Got the Reference Book on Combat Magic
  4538 | D:5      | Found a sand-covered staircase.
  4543 | Ossuary  | Entered an ossuary
  4543 | Ossuary  | Noticed a wraith
  4543 | Ossuary  | Noticed a wraith
  4543 | Ossuary  | Noticed a wraith
  4638 | Ossuary  | Reached XP level 8. HP: 50/50 MP: 8/8
  4911 | Ossuary  | Noticed a wraith
  4955 | Ossuary  | Killed a wraith
  6161 | D:5      | Found a broken altar of Ashenzari.
  6161 | D:5      | Found a shadowy altar of Dithmenos.
  6225 | D:5      | Noticed Menkaure
  6232 | D:5      | Killed Menkaure
  6426 | D:5      | Reached XP level 9. HP: 38/54 MP: 9/9
  7230 | D:6      | Reached skill level 10 in Short Blades
  7624 | D:7      | Engulfed by a steam dragon's steam

Illustrated notes

Levels and vault maps discovered:
D:1:      lightli_arrival_chessboard, layout_loops_corners,
          hangedman_decor_lopped
D:2:      layout_rooms, hellmonk_ecumenical_altar_pennies_from_heaven,
          lemuel_another_geyser, uniq_crazy_yiuf_cottage, uniq_jessica
D:3:      layout_loops_corners
D:4:      minmay_angry_zag, layout_loops_cross, minmay_temple_entry_large_hall,
          uniq_duvessa, uniq_edmund
D:5:      wander_river, layout_basic, gammafunk_temple_overflow_statue,
          enter_ossuary_2, uniq_menkaure
D:6:      layout_rooms
D:7:      cheibrodos_steamvent, layout_loops_corners
Temple:   regret_index_temple_sphere_string

Skill      XL: |  1  2  3  4  5  6  7  8  9 |
---------------+----------------------------+-----
Stealth        | 6 7 8 9 10 | 10.0
Short Blades   | 3 4 6 9 10 | 10.0
Dodging        | 3 |  3.9
Fighting       | 4 |  4.2
Throwing       | |  2.0

Action                   |  1- 3 |  4- 6 |  7- 9 || total
-------------------------+-------+-------+-------++-------
Melee: Dagger            |    26 |    36 |   230 ||   292
       Constrict         |    12 |    16 |    21 ||    49
       Tentacles         |     6 |     9 |    51 ||    66
       Short sword       |    23 |    43 |       ||    66
Throw: Dart              |       |       |    17 ||    17
  Use: Scroll            |       |     4 |     7 ||    11
       Potion            |       |     1 |     3 ||     4
 Stab: Sleeping          |     9 |    25 |    19 ||    53
       Distracted        |       |       |     2 ||     2
Armor: Skin              |     3 |     2 |    37 ||    42
Dodge: Dodged            |    23 |    23 |    93 ||   139
